 Dungeon Crawl Stone Soup version 0.20.0-9-g8272e65 (webtiles) character file.

38 Darkell the Chiller (level 3, -5/24 HPs)
             Began as a Demonspawn Ice Elementalist on June 3, 2017.
             Slain by a worm (11 damage)
             ... on level 2 of the Dungeon.
             The game lasted 00:01:33 (1449 turns).

Darkell the Chiller (Demonspawn Ice Elementalist)   Turns: 1449, Time: 00:01:33

Health: -5/24      AC:  2    Str:  8    XL:     3   Next: 25%
Magic:  2/6        EV: 12    Int: 17    God:
Gold:   39         SH:  0    Dex: 13    Spells: 5/6 levels left

rFire    . . .     SeeInvis .   (no weapon)
rCold    . . .     Gourm    .   (no shield)
rNeg     . . .     Faith    .   a - +0 robe
rPois    .         Spirit   .   (helmet restricted)
rElec    .         Reflect  .   (no cloak)
rCorr    .         Harm     .   (no gloves)
MR       .....                  (no boots)
Stlth    ++........             (no amulet)
Regen    0.1/turn               (no ring)
MPRegen  0.1/turn               (no ring)

@: no status effects
A: horns 1, demonic guardian 1
a: no special abilities


You were on level 2 of the Dungeon.
You were hungry.

You visited 1 branch of the dungeon, and saw 2 of its levels.

You collected 39 gold pieces.

Inventory:

Armour
 a - a +0 robe (worn)
Jewellery
 e - a cursed -3 ring of evasion {unknown}
 j - an uncursed amulet of guardian spirit {unknown}
Scrolls
 d - 3 scrolls of remove curse {unknown}
 k - 2 scrolls of identify {unknown}
Potions
 h - a potion of mutation {unknown}
 i - a potion of curing {unknown}
Books
 b - a book of Frost

   Spells                             Type                      Level
   a - Freeze                         Ice                          1
   b - Throw Frost                    Conjuration/Ice              2
   c - Ozocubu's Armour               Charms/Ice                   3
   d - Throw Icicle                   Conjuration/Ice              4
   e - Summon Ice Beast               Ice/Summoning                4
Comestibles
 c - a bread ration
 f - a meat ration
 g - a royal jelly


   Skills:
 - Level 1.7 Dodging
 - Level 1.7 Stealth
 - Level 2.0 Spellcasting
   Level 1.0 Conjurations
 + Level 4.0 Ice Magic


You had 5 spell levels left.
You knew the following spells:

 Your Spells              Type           Power        Failure   Level  Hunger
a - Freeze                Ice            ###.         3%          1    #......


Dungeon Overview and Level Annotations

Branches:
Dungeon (2/15)

Altars:
Uskayaw


Innate Abilities, Weirdness & Mutations

You have a pair of small horns on your head.
A weak demonic guardian rushes to your aid.


Message History

You freeze the worm.
The worm is moderately wounded.
The worm bites you!
* * * LOW HITPOINT WARNING * * *
Casting: Freeze
Confirm with . or Enter, or press ? or * to list all spells.
Aiming: Freeze
Press: ? - help, Shift-Dir - straight line, f/p - worm
Aim: a worm (moderately wounded)
You freeze the worm.
The worm is heavily wounded.
Casting: Freeze
Confirm with . or Enter, or press ? or * to list all spells.
Aiming: Freeze
Press: ? - help, Shift-Dir - straight line, f/p - worm
Aim: a worm (heavily wounded)
You freeze the worm.
The worm is almost dead.
The worm bites you!
You die...

###......#.......#.....#....#
##.#...###.###<#.....#....#
#.#...# #.###.#.....#....###
###.#...###....................
............###.#..............
######...###.#
#.#....##........
.........###.#
#.#.#####.....###
#............# #w#.#####.###.#
#.####...##..###@..[.....# .#
.........................# #
#.####.#.##.#.#...>.....##
#.####.#.##.#.#.##......#
.................+......+
#.####.####.#.#.##......# #.#
#.#.#.#########
#.####.####.#.#.#
............#†#.#


You could see a worm.

Vanquished Creatures
  3 dart slugs
  2 giant cockroaches (D:1)
  5 goblins
  3 hobgoblins
  10 kobolds
  3 bats (D:1)
  2 frilled lizards (D:1)
  2 rats (D:1)
  7 toadstools (D:1)
37 creatures vanquished.

Notes
Turn   | Place    | Note
-------+----------+-------------------------------------------
     0 | D:1      | Darkell the Demonspawn Ice Elementalist began the quest for the Orb.
     0 | D:1      | Reached XP level 1. HP: 13/13 MP: 3/3
   275 | D:1      | Reached skill level 3 in Ice Magic
   501 | D:1      | Gained mutation: A weak demonic guardian rushes to your aid. [demonic ancestry]
   501 | D:1      | Reached XP level 2. HP: 19/19 MP: 0/5
   836 | D:1      | Gained mutation: You have a pair of small horns on your head. [demonic ancestry]
   836 | D:1      | Reached XP level 3. HP: 24/24 MP: 2/6
  1347 | D:2      | Reached skill level 4 in Ice Magic
  1379 | D:2      | Found a hide-covered altar of Uskayaw.
  1449 | D:2      | Slain by a worm

Skill      XL: |  1  2  3 |
---------------+----------+-----
Ice Magic      | 3 4 |  4.0
Dodging        | |  1.7
Stealth        | |  1.7
Spellcasting   | |  2.0
Conjurations   | |  1.0

Action                   || total
-------------------------++-------
Melee: Unarmed           ||    55
       Headbutt          ||     1
 Cast: Freeze            ||    50
 Stab: Sleeping          ||     1
  Eat: Chunk             ||     2
Armor: Robe              ||     7
Dodge: Dodged            ||    38
